 Dungeon Crawl Stone Soup version 0.31.0-9-g3a7656b989 (webtiles) character file.

Game seed: 14634106143712679982

85 qw the Shooter (level 4, -1/19 (25) HPs)
             Began as a Deep Elf Hunter on Feb 2, 2024.
             Slain by a wyvern (8 damage)
             ... on level 4 of the Dungeon.
             The game lasted 00:00:08 (2334 turns).

qw the Shooter (Deep Elf Hunter)                    Turns: 2334, Time: 00:00:08

HP:   -1/19 (25)    AC: 11    Str: 10    XL:     4   Next: 25%
MP:   6/6           EV: 11    Int: 14    God:
Gold: 188           SH:  0    Dex: 18    Spells: 3/3 levels left

rFire   . . .        a - +0 shortbow
rCold   + . .        (shield currently unavailable)
rNeg    . . .        g - +0 ring mail
rPois   .            d - +1 helmet
rElec   .            (no cloak)
rCorr   .            k - +2 pair of gloves
SInv    .            i - +0 pair of boots
Will    .....        (no amulet)
Stlth   +            b - ring of protection from cold
HPRegen 0.23/turn    (no ring)
MPRegen 0.10/turn

%: no passive effects
@: heavily drained
A: no striking features
a: no special abilities


You were on level 4 of the Dungeon.
You visited 1 branch of the dungeon, and saw 4 of its levels.

You collected 188 gold pieces.


   Skills:
 - Level 1.5 Fighting
 + Level 7.7 Ranged Weapons
 - Level 2.4 Dodging
 - Level 1.2 Stealth


You had 3 spell levels left.
You didn't know any spells.
Your spell library was empty.

Inventory:

Hand Weapons
 a - a +0 shortbow (weapon)
Armour
 d - a +1 helmet (worn)
 g - a +0 ring mail (worn)
 i - a +0 pair of boots (worn)
 k - a +2 pair of gloves (worn)
Jewellery
 b - a ring of protection from cold (left hand)
Scrolls
 m - a scroll of teleportation
Potions
 l - a potion of heal wounds

Dungeon Overview and Level Annotations

Branches:
Dungeon (4/15)
 Temple: D:4-7

Altars:
Uskayaw
Vehumet

Shops:
D:1 (


Message History

You start resting.
HP restored.
Done exploring.
Done exploring.
What level of the Dungeon? (default 3, ? - help)
There is a stone staircase leading down here.
You climb downwards.
Found three items.
Found a stone staircase leading up.
There is a stone staircase leading up here.
There are monsters nearby!
Waypoint 3 assigned to D:4.
2321 ||| STAIRDANCE You climb upwards.
There is a stone staircase leading down here.
You climb downwards.
There is a stone staircase leading up here.
2325 ||| STAIRDANCE The wyvern hisses angrily.
The adder hisses angrily.
The wyvern bites you.
The wyvern bites you but does no damage.
You climb upwards.
There is a stone staircase leading down here.
You start resting.
HP restored.
You climb downwards.
The wyvern bites you!
Ouch! That really hurt!
The adder closely misses you.
The giant cockroach bites you but does no damage.
The wyvern bites you but does no damage.
The adder bites you but does no damage. The giant cockroach barely misses you.
There is a stone staircase leading up here.
You shoot an arrow.
The arrow hits the wyvern but does no damage.
The wyvern completely misses you. The adder bites you.
The giant cockroach barely misses you.
The wyvern bites you but does no damage.
You shoot an arrow.
The arrow hits the wyvern but does no damage.
The adder bites you but does no damage. The wyvern bites you!
You die...

......
<.....#
.....?.
.......
.......##
...?....#
......kB#
.......@#
......S.#
.........
.....?....
#.#.#.#....
..........##
#.#.#.#...#
...........


You could see a wyvern, an adder and a giant cockroach.

Vanquished Creatures
  An adder (D:3)
  6 ribbon worms
  A dart slug (D:2)
  3 orcs (D:3)
  4 endoplasms
  3 giant cockroaches
  3 goblins
  5 hobgoblins
  3 quokkas
  4 ball pythons
  11 bats
  8 kobolds
  A rat (D:2)
53 creatures vanquished.

Notes
Turn   | Place    | Note
-------+----------+-------------------------------------------
     0 | D:1      | qw the Deep Elf Hunter began the quest for the Orb.
     0 | D:1      | Reached XP level 1. HP: 12/12 MP: 3/3
     0 | D:1      | 0 ||| qw: Version: 0.3-a-155-g5e7d8dd
     0 | D:1      | 0 ||| qw: Game counter: 2387
     0 | D:1      | 0 ||| qw: Melee chars always use a shield: true
     0 | D:1      | 0 ||| qw: God list: Okawaru
     0 | D:1      | 0 ||| qw: Allow faded altars: false
     0 | D:1      | 0 ||| qw: Do Orc after clearing Dungeon:15 true
     0 | D:1      | 0 ||| qw: Do second Lair branch before Depths: true
     0 | D:1      | 0 ||| qw: Lair rune preference: random
     0 | D:1      | 0 ||| qw: Goals: Normal
     0 | D:1      | 0 ||| PLANNING D:1-11
   371 | D:1      | Found Erean's Weapon Emporium.
   567 | D:1      | 567 ||| UPGRADING to +0 helmet.
   572 | D:1      | 572 ||| UPGRADING to +0 pair of boots.
   577 | D:1      | 577 ||| UPGRADING to +0 pair of gloves.
   582 | D:1      | 582 ||| READING scroll labelled CUTOEPUHU.
   583 | D:1      | 583 ||| READING scroll labelled IKEILE AV KITSALIH.
   584 | D:1      | 584 ||| READING scroll labelled PUBLUY AVOLE.
   585 | D:1      | 585 ||| READING scroll labelled ZUIDOE LIRU.
   585 | D:1      | 585 ||| ENCHANTING +0 pair of gloves.
   586 | D:1      | 586 ||| READING scroll labelled SALI ZIGYPIAHY.
   586 | D:1      | 586 ||| IDENTIFYING green potion
   587 | D:1      | 587 ||| DROPPING scroll of butterflies.
   588 | D:1      | 588 ||| DROPPING potion of ambrosia.
   650 | D:2      | Reached skill level 6 in Ranged Weapons
   650 | D:2      | Reached XP level 2. HP: 15/16 MP: 4/4
   664 | D:2      | Found a radiant altar of Vehumet.
   675 | D:2      | 675 ||| READING scroll of enchant armour.
   675 | D:2      | 675 ||| ENCHANTING +1 pair of gloves.
   761 | D:2      | Reached XP level 3. HP: 20/20 MP: 5/5
   803 | D:2      | 803 ||| READING scroll of enchant armour.
   803 | D:2      | 803 ||| ENCHANTING +0 helmet.
   985 | D:2      | Reached skill level 7 in Ranged Weapons
  1338 | D:2      | 1338 ||| UPGRADING to +0 ring mail.
  1348 | D:2      | 1348 ||| DROPPING +0 leather armour.
  1349 | D:2      | 1349 ||| UPGRADING to ring of protection from cold.
  1350 | D:2      | 1350 ||| READING scroll of identify.
  1350 | D:2      | 1350 ||| IDENTIFYING inky potion
  1351 | D:2      | 1351 ||| READING 2 scrolls labelled TET JEUXEKH.
  1352 | D:2      | 1352 ||| READING scroll labelled JUMORU LOIMU.
  1353 | D:2      | 1353 ||| READING scroll labelled BEONEFYTWO.
  1454 | D:2      | 1454 ||| READING 2 scrolls labelled RAZELU WIOBBUQ.
  1458 | D:2      | 1458 ||| DROPPING scroll of poison.
  1608 | D:3      | Found a hide-covered altar of Uskayaw.
  1892 | D:3      | HP: 5/20 [poisoned by a kobold]
  1896 | D:3      | HP: 2/20 [poisoned by a kobold]
  1992 | D:3      | Reached XP level 4. HP: 25/25 MP: 6/6
  2320 | D:4      | Noticed a wyvern
  2321 | D:4      | 2321 ||| STAIRDANCE
  2325 | D:4      | 2325 ||| STAIRDANCE
  2334 | D:4      | Slain by a wyvern

Levels and vault maps discovered:
D:1:      ncdulo_watergridlock, layout_loops_ring, serial_shops,
          nicolae_shop_getting_attention, hangedman_decor_push
D:2:      layout_basic, basic_altar, corexii_item_surrounded_by_moat,
          minmay_pentomino_p2
D:3:      corexii_shack_village, layout_basic, nicolae_overflow_crystal_walls
D:4:      layout_cave_pools, serial_glass, glass_columns_c, glass_columns_b,
          minmay_increasing_density, uniq_edmund

Skill      XL: |  1  2  3 |
---------------+----------+-----
Ranged Weapons | 6 7 |  7.7
Fighting       | |  1.5
Dodging        | |  2.4
Stealth        | |  1.2

Action                     |  1- 3 |  4- 6 || total
---------------------------+-------+-------++-------
   Fire: Shortbow          |    98 |    40 ||   138
    Use: Scroll            |    12 |       ||    12
 Armour: Leather armour    |     7 |       ||     7
         Ring mail         |     2 |    28 ||    30
  Dodge: Dodged            |     7 |    18 ||    25

Table legend:
 A = Non-vault XP
 B = Vault XP
 C = Vault XP percentage of total XP
 D = Non-vault monster count
 E = Vault monster count
 F = Vault count percentage of total count
                 A         B        C        D         E       F
            +---------+---------+-------+---------+---------+-------
      Total |      96 |      26 |  21.3 |      42 |      11 |  20.8
            +---------+---------+-------+---------+---------+-------
        D:1 |       9 |       0 |   0.0 |       7 |       0 |   0.0
        D:2 |      49 |       9 |  15.5 |      22 |       2 |   8.3
        D:3 |      38 |      17 |  30.9 |      13 |       9 |  40.9
            +---------+---------+-------+---------+---------+-------
